 Dungeon Crawl Stone Soup version 0.28.0-53-g5a82cb258f (webtiles) character file.

Game seed: 3684209958657334327

119 101zpm the Magician (level 5, -3/35 HPs)
             Began as a Djinni Fire Elementalist on May 22, 2022.
             Slain by a river rat (4 damage)
             ... in a sewer.
             The game lasted 00:02:36 (3995 turns).

101zpm the Magician (Djinni Fire Elementalist)      Turns: 3995, Time: 00:02:36

Health: -3/35      AC:  2    Str:  7    XL:     5   Next: 24%
Gold:   128        EV: 12    Int: 19    God:
                   SH:  0    Dex: 13

rFire   + + .      SeeInvis .   (no weapon)
rCold   x . .      Faith    .   (no shield)
rNeg    . . .      Spirit   .   a - +0 robe
rPois   ∞          Reflect  .   (no helmet)
rElec   .          Harm     .   (no cloak)
rCorr   .          Rampage  .   (no gloves)
Will    .....                   (boots unavailable)
Stlth   ++........              (no amulet)
HPRegen 0.11/turn               (no ring)
MPRegen 0.00/turn               (no ring)

@: flying
A: sickness immunity, fire resistance 2, cold vulnerability 1, float, innate
caster, HP casting, extra vitality 1
a: no special abilities


You were in a sewer.
You visited 1 branch of the dungeon, and saw 3 of its levels.
You also visited: Sewer.

You collected 128 gold pieces.

Inventory:

Missiles
 b - 72 stones
Armour
 a - a +0 robe (worn)
Scrolls
 c - a scroll of identify {unknown}
 d - 2 scrolls of teleportation {unknown}
 e - a scroll of magic mapping {unknown}
Potions
 f - a potion of curing {unknown}
 g - a potion of haste {unknown}
 h - a potion of cancellation {unknown}


   Skills:
 + Level 2.4 Dodging
 + Level 1.6 Stealth
 + Level 4.2 Spellcasting


You couldn't memorise any spells.
You knew the following spells:

 Your Spells              Type           Power      Damage    Failure   Level
a - Foxfire               Conj/Fire      80%        2x1d8     2%          1
b - Scorch                Fire           40%        2d7       3%          2
c - Conjure Flame         Conj/Fire      20%        6-21      7%          3
d - Inner Flame           Hex/Fire       20%        N/A       7%          3
e - Flame Wave            Conj/Fire      20%        2d7       24%         4
f - Beastly Appendage     Tmut           40%        N/A       2%          1
g - Corpse Rot            Necr/Air       40%        N/A       3%          2
Your spell library was empty.

Dungeon Overview and Level Annotations

Branches:
Dungeon (3/15)              Sewer (1/1)

Altars:

Shops:
D:2 (


Innate Abilities, Weirdness & Mutations

You are immune to sickness and miasma.
You are immune to poison.
Your flesh is very heat resistant. (rF++)
You are vulnerable to cold. (rC-)
You float through the air rather than walking.
You learn spells naturally, not from books.
Your magical power is your life essence.
You have superior vitality. (+4 MHP)


Message History

The river rat is moderately wounded.
The foxfire hits the river rat.
The river rat is severely wounded.
The river rat barely misses you.
The river rat twitches its whiskers.
The river rat closely misses you. The river rat bites you.
Casting: Foxfire (safe; 2% risk of failure)
Confirm with . or Enter, or press ? or * to list all spells.
Flames lash the river rat.
The river rat is lightly wounded.
The river rat's fire resistance burns away.
The foxfire hits the river rat but does no damage.
The river rat is severely wounded.
The foxfire hits the river rat but does no damage.
The river rat is lightly wounded.
The river rat barely misses you. The river rat closely misses you.
The river rat bites you.
Casting: Scorch (safe; 3% risk of failure)
Confirm with . or Enter, or press ? or * to list all spells.
Flames lash the river rat.
The river rat is burned terribly!
You kill the river rat!
The river rat bites you!
* * * LOW HITPOINT WARNING * * *
The river rat barely misses you. x2
Casting: Scorch (safe; 3% risk of failure)
Confirm with . or Enter, or press ? or * to list all spells.
Flames lash the river rat.
You kill the river rat!
* * * LOW HITPOINT WARNING * * *
The river rat bites you.
* * * LOW HITPOINT WARNING * * *
The river rat closely misses you.
Casting: Scorch (safe; 3% risk of failure)
Confirm with . or Enter, or press ? or * to list all spells.
You don't have enough health to cast this spell.
Unknown command.
The river rat completely misses you.
The river rat twitches its whiskers.
The river rat bites you.
You die...

#≈≈≈##########≈≈≈###.≈≈#
#≈≈.# #≈≈≈# #≈≈≈# #.≈≈#
#≈≈≈# #.≈≈# #.≈≈# #≈≈≈#
#≈≈≈# #≈≈≈# #### #≈≈≈#
#.≈≈# #≈≈≈# #∩∩# #.≈.#
≈# #≈≈≈# #..# #≈≈≈#
#≈≈≈# #..####≈≈≈# #≈≈≈#
#@.#.# #≈≈≈# +rr'.#
#.≈≈# +..'.# #≈≈≈#
#..#.# #≈≈≈# #..###
#≈≈≈# #..# #≈≈≈####..###
#≈≈≈##.#..#.#
#≈≈≈##!'..'.#


You could see 2 river rats.

Vanquished Creatures
  2 adders
  2 river rats (Sewer)
  A worm (D:3)
  5 dart slugs
  An orc (D:3)
  6 endoplasms
  6 giant cockroaches
  2 goblins
  5 hobgoblins (D:1)
  5 jackals
  4 kobolds
  2 quokkas (Sewer)
  5 ball pythons
  11 bats
  5 frilled lizards
  3 rats
65 creatures vanquished.

Vanquished Creatures (collateral kills)
  3 foxfires (D:1)
3 creatures vanquished.

Vanquished Creatures (others)
  416 foxfires
416 creatures vanquished.

Grand Total: 484 creatures vanquished

Notes
Turn   | Place    | Note
-------+----------+-------------------------------------------
     0 | D:1      | 101zpm the Djinni Fire Elementalist began the quest for the
                  | Orb.
     0 | D:1      | Reached XP level 1. HP: 15/15 MP: 0/0
   369 | D:1      | Reached XP level 2. HP: 16/21 MP: 0/0
   756 | D:1      | Reached skill level 3 in Spellcasting
  1175 | D:1      | Found a faded altar of an unknown god.
  1210 | D:1      | Reached XP level 3. HP: 23/25 MP: 0/0
  1210 | D:1      | Learned a level 1 spell: Beastly Appendage
  2632 | D:2      | Found Eneju's Antique Weapon Shoppe.
  2640 | D:2      | Reached XP level 4. HP: 29/31 MP: 0/0
  3174 | D:3      | Found a glowing drain.
  3240 | Sewer    | Entered a sewer
  3852 | Sewer    | Reached skill level 4 in Spellcasting
  3852 | Sewer    | Reached XP level 5. HP: 32/35 MP: 0/0
  3852 | Sewer    | Learned a level 2 spell: Corpse Rot
  3993 | Sewer    | HP: 1/35 [river rat (1)]
  3995 | Sewer    | Slain by a river rat

Illustrated notes

Levels and vault maps discovered:
D:1:      dpeg_cavernosity, layout_basic, ebering_ecumenical_altar_petrified,
          minmay_tetromino_o4
D:2:      layout_basic, serial_shops, shop, minmay_cupped, uniq_natasha,
          uniq_sigmund
D:3:      layout_basic, mainiacjoe_overflow_chevrons,
          mainiacjoe_overflow_surrounded_room, portal_sewer_entry_d
Sewer:    sewer_fruit_machine

Skill      XL: |  1  2  3  4 |
---------------+-------------+-----
Spellcasting   | 3 4 |  4.2
Dodging        | |  2.4
Stealth        | |  1.6

Action                   |  1- 3 |  4- 6 || total
-------------------------+-------+-------++-------
 Cast: Foxfire           |   134 |   104 ||   238
       Scorch            |     3 |     4 ||     7
Armor: Robe              |     1 |       ||     1
Dodge: Dodged            |     5 |     9 ||    14
